 Dungeon Crawl Stone Soup version 0.31.0-4-g52a2dc7128 (webtiles) character file.

Game seed: 6181856707672239277

677 FoldJers the Ruffian (level 7, 0/61 HPs)
             Began as a Troll Shapeshifter on Jan 22, 2024.
             Slain by Pikel
             ... wielding a +1 whip of flaming
              (2 damage)
             ... on level 5 of the Dungeon.
             The game lasted 00:12:45 (3005 turns).

FoldJers the Ruffian (Troll Shapeshifter)           Turns: 3005, Time: 00:12:47

Health: 0/61       AC:  4    Str: 23    XL:     7   Next: 33%
Magic:  6/6        EV:  9    Int:  8    God:
Gold:   216        SH:  0    Dex:  9    Spells: 6/6 levels left

rFire   . .          .
                       - Unarmed
rCold   . . .        (no shield)
rNeg    . . .        a - +0 animal skin
rPois   .            (helmet currently unavailable)
rElec   .            (cloak currently unavailable)
rCorr   .            (gloves unavailable)
SInv    .            (boots unavailable)
Will    +....        u - amulet of the acrobat
Stlth   +            j - ring of willpower
HPRegen 1.10/turn    (no ring)
MPRegen 0.10/turn

%: acrobat
@: beast-form
A: beast (slay +2), large, unfitting armour, claws 3, regeneration 1, shaggy fur
1, tough skin 1
a: Begin Untransformation


You were on level 5 of the Dungeon.
You were a hulking beast.
You visited 1 branch of the dungeon, and saw 5 of its levels.
You also visited: Sewer.

You collected 216 gold pieces.

Inventory:

Missiles
 f - 30 stones (quivered)
 g - a throwing net
Armour
 a - a +0 animal skin (worn)
 o - a +2 cloak
Jewellery
 j - a ring of willpower (left claw)
 u - an amulet of the acrobat (around neck)
Talismans
 c - a beast talisman
 d - a flux talisman
Scrolls
 m - 2 scrolls of immolation
 v - 2 scrolls of enchant weapon
Potions
 b - 2 potions of lignification
 e - a potion of cancellation {unknown}
 h - a potion of berserk rage {unknown}
 i - a potion of degeneration {unknown}
 k - 7 potions of heal wounds
 l - a potion of magic {unknown}
 n - a potion of resistance {unknown}
 p - 3 potions of curing {unknown}
 q - 2 potions of might {unknown}
 r - a potion of haste {unknown}
 s - a potion of brilliance {unknown}


   Skills:
 - Level 0.7 Fighting
 - Level 1.5 Dodging
 * Level 7.2 Unarmed Combat
 + Level 5.1 Shapeshifting


You had 6 spell levels left.
You didn't know any spells.
Your spell library contained the following spells:

 Spells                   Type           Power      Damage    Failure   Level
 Sting                    Conj/Alch      0%         1d3       41%         1
 Ensorcelled Hibernation  Hex/Ice        0%         N/A       54%         2
 Mercury Vapours          Alch/Air       0%         N/A       54%         2
 Hailstorm                Conj/Ice       0%         3d5       78%         3
 Passwall                 Erth           0%         N/A       78%         3
 Summon Ice Beast         Ice/Summ       0%         N/A       78%         3
 Swiftness                Air            0%         N/A       78%         3
 Olgreb's Toxic Radiance  Alch           0%         N/A       99%         4
 Summon Forest            Summ/Tloc      0%         N/A       100%        5
 Summon Mana Viper        Hex/Summ       0%         N/A       100%        5
 Sculpt Simulacrum        Ice/Alch       0%         N/A       100%        6
 Summon Cactus Giant      Summ           0%         N/A       100%        6


Dungeon Overview and Level Annotations

Branches:
Dungeon (5/15)              Sewer (visited)
 Temple: D:4-7

Altars:
Ashenzari
Gozag
The Shining One

Annotations:
D:4 1 runed translucent door, Crazy Yiuf
D:5 Pikel


Innate Abilities, Weirdness & Mutations

You are a hulking beast.
Your limbs bulge with bestial killing power. (Slay +2)
You are too large for most types of armour.
You have claws for hands.
Your natural rate of healing is unusually fast.
You are covered in fur. (AC +1)
You have tough skin. (AC +1)


Message History

You barely miss Pikel.
Pikel is heavily wounded.
Your butterfly disappears in a burst of colours!
Pikel hits you with a +1 whip of flaming.
* * * LOW HITPOINT WARNING * * *
Pikel burns you.
* * * LOW HITPOINT WARNING * * *
You scratch Pikel.
Pikel is heavily wounded.
Your butterfly disappears in a burst of colours!
Pikel hits you with a +1 whip of flaming.
* * * LOW HITPOINT WARNING * * *
Pikel burns you.
* * * LOW HITPOINT WARNING * * *
A lemure comes into view.
You closely miss Pikel. Your claw misses Pikel.
Pikel is heavily wounded.
Your butterfly disappears in a burst of colours!
Pikel barely misses you.
You barely miss Pikel.
Pikel is heavily wounded.
Your butterfly disappears in a burst of colours! x2
Pikel barely misses you.
You claw Pikel!
Pikel is almost dead.
You closely miss Pikel.
Pikel is almost dead.
Your butterfly disappears in a burst of colours!
Pikel hits you with a +1 whip of flaming.
* * * LOW HITPOINT WARNING * * *
Pikel burns you.
* * * LOW HITPOINT WARNING * * *
You scratch Pikel but do no damage.
Pikel is almost dead.
Your butterfly disappears in a burst of colours! x4
Pikel hits you with a +1 whip of flaming.
* * * LOW HITPOINT WARNING * * *
Pikel burns you.
You die...
Pikel says, "Another soul for the market."

#.. #.. .5. .
#5########. ..
#5#............
#5#.#####......
#K#b#..........
#h#b#b###......
#b#.#<.........
#b...bbb...####
#..)...bbb.#.#
#..b..b..b.# #
...bbb.b..b....
..##b..bbb........
. #.b.bbb...#####
#.........#


You could see Pikel and 4 lemures.

Vanquished Creatures
  An ogre (D:4)
  A kobold brigand (Sewer)
  A scorpion (D:4)
  A bombardier beetle (D:4)
  2 quasits (Sewer)
  An orc priest (D:3)
  A hound (D:4)
  An iguana (D:4)
  An orc wizard (D:4)
  Terence (D:2)
  11 adders
  2 shadow imps (Sewer)
  3 ufetubi (Sewer)
  3 ribbon worms (D:4)
  2 dart slugs
  7 orcs
  5 bats
  3 endoplasms
  6 giant cockroaches
  5 hobgoblins
  22 kobolds
  4 quokkas
  8 ball pythons
  A frilled lizard (D:2)
  A giant cockroach zombie (Sewer)
  5 goblins
  10 rats
109 creatures vanquished.

Vanquished Creatures (others)
  2 kobold zombies (Sewer)
2 creatures vanquished.

Grand Total: 111 creatures vanquished

Notes
Turn   | Place    | Note
-------+----------+-------------------------------------------
     0 | D:1      | FoldJers the Troll Shapeshifter began the quest for the
                  | Orb.
     0 | D:1      | Reached XP level 1. HP: 18/18 MP: 0/0
   232 | D:1      | Reached XP level 2. HP: 26/26 MP: 1/1
   323 | D:1      | Found a faded altar of an unknown god.
   612 | D:2      | Reached XP level 3. HP: 12/32 MP: 2/2
   615 | D:2      | Reached skill level 4 in Unarmed Combat
   652 | D:2      | Noticed Terence
   663 | D:2      | Killed Terence
   673 | D:2      | Reached XP level 4. HP: 26/40 MP: 3/3
   708 | D:2      | Found an opulent altar of Gozag.
  1188 | D:3      | Reached skill level 5 in Unarmed Combat
  1188 | D:3      | Reached XP level 5. HP: 5/46 MP: 4/4
  1515 | D:3      | Found a broken altar of Ashenzari.
  1689 | D:4      | Found a glowing drain.
  1701 | Sewer    | Entered a sewer
  1845 | Sewer    | Found a burning altar of Makhleb.
  1874 | Sewer    | Reached skill level 6 in Unarmed Combat
  1874 | Sewer    | Reached XP level 6. HP: 46/54 MP: 5/5
  1990 | Sewer    | Identified the +1 ring mail of the Meadowlark {rCorr Str+4
                  | Int-2 SInv}
  2141 | D:4      | Found a glowing golden altar of the Shining One.
  2366 | D:4      | Reached XP level 7. HP: 61/61 MP: 6/6
  2425 | D:4      | Reached skill level 5 in Shapeshifting
  2429 | D:4      | Reached skill level 7 in Unarmed Combat
  2570 | D:4      | Found a runed translucent door.
  2571 | D:4      | Noticed Crazy Yiuf
  2964 | D:5      | Entered Level 5 of the Dungeon
  2986 | D:5      | Noticed Pikel
  3005 | D:5      | HP: 2/61 [Pikel/+1 whip of flaming (5)]
  3005 | D:5      | Slain by Pikel

Illustrated notes

Levels and vault maps discovered:
D:1:      lemuel_arrival_rhombus, layout_loops_ring,
          shapermc_ecumenical_altar_mp_urbaneastern
D:2:      layout_rooms, basic_altar, uniq_terence
D:3:      layout_loops_cross, general_overflow_altar, solitary_fountain
D:4:      layout_loops_ring, tso_metal_star,
          mainiacjoe_sewer_entry_somewhere_in_here_1,
          eino_small_chamber_without_monster, corexii_checkpoint,
          grunt_ministairs_5, uniq_crazy_yiuf_cottage
D:5:      layout_basic, lemuel_tele_altar, nicolae_overflow_hidden_temple,
          nzn_random_ring, uniq_pikel, uniq_ijyb

Skill      XL: |  1  2  3  4  5  6  7 |
---------------+----------------------+-----
Unarmed Combat | 4 5 6 7 |  7.2
Shapeshifting  | 4 5 |  5.1
Fighting       | |  0.7
Dodging        | |  1.5

Action                     |  1- 3 |  4- 6 |  7- 9 || total
---------------------------+-------+-------+-------++-------
  Melee: Unarmed           |    67 |   186 |    43 ||   296
         Punch             |       |     2 |     2 ||     4
  Throw: Stone             |       |     1 |       ||     1
    Use: Scroll            |       |     3 |     1 ||     4
   Stab: Sleeping          |       |     2 |       ||     2
 Armour: Animal skin       |    44 |   137 |    25 ||   206
  Dodge: Dodged            |    27 |    93 |    10 ||   130
